% Time on Ice - BANFF WOLVES
Lines # - Real PCT - Wanted PCT - Time Play
Normal Forward
1 - 36% - 38% - 18:43
2 - 32% - 35% - 16:47
3 - 20% - 22% - 10:32
4 - 12% - 5% - 6:02
Normal Defense
1 - 37% - 38% - 19:21
2 - 33% - 34% - 17:14
3 - 27% - 26% - 14:19
4 - 2% - 2% - 1:10
PP Forward
1 - 60% - 55% - 2:23
2 - 40% - 45% - 1:35
PP Defense
1 - 42% - 55% - 1:39
2 - 58% - 45% - 2:19
PK Forward
1 - 70% - 55% - 2:46
2 - 30% - 45% - 1:12
PK Defense
1 - 30% - 55% - 1:11
2 - 70% - 45% - 2:47
PK3 Forward
1 - 0% - 55%
2 - 0% - 45%
PK3 Defense
1 - 0% - 55%
2 - 0% - 45%
44 Forward
1 - 0% - 55%
2 - 0% - 45%
44 Defense
1 - 0% - 55%
2 - 0% - 45%
Last Minute Offensive  - 0:00
Last Minute Defensive  - 0:00
Total
Forward - 60:00
Defense - 60:00
% Time on Ice - OAKLAND GORILLAS
Lines # - Real PCT - Wanted PCT - Time Play
Normal Forward
1 - 24% - 25% - 12:31
2 - 25% - 25% - 12:46
3 - 25% - 25% - 13:10
4 - 26% - 25% - 13:37
Normal Defense
1 - 33% - 34% - 17:16
2 - 34% - 33% - 17:42
3 - 33% - 33% - 17:06
4 - 0% - 0% - 0:00
PP Forward
1 - 48% - 50% - 1:54
2 - 52% - 50% - 2:04
PP Defense
1 - 50% - 55% - 1:59
2 - 50% - 45% - 1:59
PK Forward
1 - 52% - 55% - 2:04
2 - 48% - 45% - 1:54
PK Defense
1 - 56% - 51% - 2:14
2 - 44% - 49% - 1:44
PK3 Forward
1 - 0% - 55%
2 - 0% - 45%
PK3 Defense
1 - 0% - 50%
2 - 0% - 50%
44 Forward
1 - 0% - 55%
2 - 0% - 45%
44 Defense
1 - 0% - 55%
2 - 0% - 45%
Last Minute Offensive  - 0:00
Last Minute Defensive  - 0:00
Total
Forward - 60:00
Defense - 60:00
Play-by-Play 1st period 0:01 of 1st period - Roope Hintz wins face-off versus Nico Hischier in neutral zone. 0:43 of 1st period - Brock Boeser is hit by Esa Lindell and loses puck. 1:08 of 1st period - Shot by Boone Jenner. 1:08 of 1st period - Goal by Boone Jenner - BANFF WOLVES : 0 - OAKLAND GORILLAS : 1. 1:09 of 1st period - Vincent Trocheck wins face-off versus Paul Stastny in neutral zone. 3:07 of 1st period - Shot by Ondrej Kase. 3:07 of 1st period - Shot Blocked by Nick Cousins. 4:49 of 1st period - Shot by Brady Tkachuk. 4:49 of 1st period - Stopped by James Reimer without a rebound. 4:50 of 1st period - Nico Hischier wins face-off versus Vincent Trocheck in OAKLAND GORILLAS zone. 5:02 of 1st period - Jakub Voracek is hit by Tyler Myers and loses puck. 5:06 of 1st period - Minor Penalty to Martin Fehervary for Interference. 5:07 of 1st period - Roope Hintz wins face-off versus David Kampf in OAKLAND GORILLAS zone. 5:34 of 1st period - Shot by Roope Hintz. 5:34 of 1st period - Deflect By Mats Zuccarello. 5:34 of 1st period - Stopped by James Reimer without a rebound. 5:35 of 1st period - Calle Jarnkrok wins face-off versus Vincent Trocheck in OAKLAND GORILLAS zone. 5:35 of 1st period - Calle Jarnkrok is hit by Brady Tkachuk. 7:34 of 1st period - Shot by Logan O'Connor. 7:34 of 1st period - Stopped by James Reimer without a rebound. 7:35 of 1st period - Sean Couturier wins face-off versus Paul Stastny in OAKLAND GORILLAS zone. 8:08 of 1st period - Shot by Philipp Kurashev. 8:08 of 1st period - Shot Misses the Net. 8:31 of 1st period - Icing by Martin Fehervary. 8:32 of 1st period - Vincent Trocheck wins face-off versus Travis Boyd in OAKLAND GORILLAS zone. 8:59 of 1st period - Shot by Ondrej Kase. 8:59 of 1st period - Stopped by John Gibson without a rebound. 9:00 of 1st period - Boone Jenner wins face-off versus Roope Hintz in BANFF WOLVES zone. 9:08 of 1st period - Conor Garland is hit by Miro Heiskanen and loses puck. 9:12 of 1st period - Jesse Puljujarvi is hit by Esa Lindell and loses puck. 9:17 of 1st period - Shot by Boone Jenner. 9:17 of 1st period - Shot Misses the Net. 9:37 of 1st period - Shot by Brady Tkachuk. 9:37 of 1st period - Shot Misses the Net. 9:54 of 1st period - Off-side. 9:55 of 1st period - Vincent Trocheck wins face-off versus David Kampf in neutral zone. 10:19 of 1st period - Shot by Travis Boyd. 10:19 of 1st period - Stopped by John Gibson without a rebound. 10:20 of 1st period - Nico Hischier wins face-off versus Sean Couturier in BANFF WOLVES zone. 10:37 of 1st period - Shot by Patrik Laine. 10:37 of 1st period - Stopped by John Gibson without a rebound. 10:38 of 1st period - Vincent Trocheck wins face-off versus Boone Jenner in BANFF WOLVES zone. 12:04 of 1st period - Shot by Brock Boeser. 12:04 of 1st period - Goal by Brock Boeser - BANFF WOLVES : 0 - OAKLAND GORILLAS : 2. 12:05 of 1st period - David Kampf wins face-off versus Sean Couturier in neutral zone. 12:22 of 1st period - Shot by Ondrej Kase. 12:22 of 1st period - Shot Misses the Net. 13:12 of 1st period - Shot by Alex Tuch. 13:12 of 1st period - Stopped by James Reimer without a rebound. 13:13 of 1st period - Vincent Trocheck wins face-off versus Paul Stastny in OAKLAND GORILLAS zone. 13:14 of 1st period - Shot by Mats Zuccarello. 13:14 of 1st period - Stopped by James Reimer without a rebound. 13:15 of 1st period - Roope Hintz wins face-off versus Paul Stastny in OAKLAND GORILLAS zone. 13:38 of 1st period - Shot by Paul Stastny. 13:38 of 1st period - Goal by Paul Stastny - BANFF WOLVES : 0 - OAKLAND GORILLAS : 3. 13:39 of 1st period - Nico Hischier wins face-off versus Vincent Trocheck in neutral zone. 13:44 of 1st period - Shot by Brock Boeser. 13:44 of 1st period - Shot Misses the Net. 15:34 of 1st period - Patrik Laine is hit by Dawson Mercer and loses puck. 16:37 of 1st period - Shot by Joel Farabee. 16:37 of 1st period - Shot Misses the Net. 16:39 of 1st period - Shot by Joel Farabee. 16:39 of 1st period - Stopped by John Gibson without a rebound. 16:40 of 1st period - Boone Jenner wins face-off versus Nick Cousins in BANFF WOLVES zone. 16:53 of 1st period - Shot by Conor Garland. 16:53 of 1st period - Shot Misses the Net. 16:59 of 1st period - Shot by Jesse Puljujarvi. 16:59 of 1st period - Shot Misses the Net. 17:27 of 1st period - Shot by Boone Jenner. 17:27 of 1st period - Stopped by John Gibson without a rebound. 17:28 of 1st period - Roope Hintz wins face-off versus Paul Stastny in BANFF WOLVES zone. 18:45 of 1st period - Icing by Travis Boyd. 18:46 of 1st period - David Kampf wins face-off versus Mats Zuccarello in OAKLAND GORILLAS zone. 18:46 of 1st period - David Kampf is hit by Vincent Trocheck. 18:52 of 1st period - Zachary Werenski is hit by Vincent Trocheck and loses puck. 19:01 of 1st period - Shot by Vincent Trocheck. 19:01 of 1st period - Stopped by James Reimer without a rebound. 19:02 of 1st period - Sean Couturier wins face-off versus Boone Jenner in OAKLAND GORILLAS zone. Goals for this period are 0 for BANFF WOLVES vs 3 for OAKLAND GORILLAS. Shots for this period are 6 for BANFF WOLVES vs 8 for OAKLAND GORILLAS. 2nd period 0:01 of 2nd period - Roope Hintz wins face-off versus David Kampf in neutral zone. 0:39 of 2nd period - Shot by Alex Tuch. 0:39 of 2nd period - Shot Misses the Net. 1:39 of 2nd period - Icing by Jonas Siegenthaler. 1:40 of 2nd period - Paul Stastny wins face-off versus Vincent Trocheck in OAKLAND GORILLAS zone. 1:55 of 2nd period - Shot by Jesse Puljujarvi. 1:55 of 2nd period - Stopped by John Gibson with a rebound. 2:16 of 2nd period - Alexander Romanov is hit by Zachary Werenski. 2:24 of 2nd p